 Dungeon Crawl Stone Soup version 0.29.1-2-gbd0b4ee654 (webtiles) character file.

Game seed: 9081541360059861609

63 fireball365 the Trooper (level 3, -1/33 HPs)
             Began as a Minotaur Fighter on Oct 22, 2022.
             Was a Follower of Wu Jian.
             Killed by nerve-wracking pain
             ... invoked by an orc priest
              (11 damage)
             ... on level 3 of the Dungeon on Oct 25, 2022.
             The game lasted 00:07:51 (1793 turns).

fireball365 the Trooper (Minotaur Fighter)          Turns: 1793, Time: 00:07:51

Health: -1/33      AC:  9    Str: 20    XL:     3   Next: 87%
Magic:  2/2        EV:  7    Int: 11    God:    Wu Jian [*.....]
Gold:   39         SH:  4    Dex: 11    Spells: 2/2 levels left

rFire   . . .      SeeInvis .   a - +0 war axe
rCold   . . .      Faith    .   c - +0 buckler
rNeg    . . .      Spirit   .   l - +0 chain mail
rPois   .          Reflect  .   (helmet restricted)
rElec   .          Harm     .   (no cloak)
rCorr   .          Rampage  .   (no gloves)
Will    .....                   (no boots)
Stlth   ..........              (no amulet)
HPRegen 0.11/turn               e - +6 ring of intelligence
MPRegen 0.08/turn               (no ring)

@: no status effects
A: horns 2, retaliatory headbutt
a: Renounce Religion


You were on level 3 of the Dungeon.
You worshipped Wu Jian.
Wu Jian was aware of your devotion.
You visited 1 branch of the dungeon, and saw 3 of its levels.

You collected 104 gold pieces.
You spent 65 gold pieces at shops.

Inventory:

Hand Weapons
 a - a +0 war axe (weapon)
Missiles
 g - 27 stones (quivered)
 i - 6 poisoned darts
 s - a throwing net
Armour
 b - a +0 scale mail
 c - a +0 buckler (worn)
 l - a +0 chain mail (worn)
Magical Staves
 h - a staff of earth
 o - a staff of death
Jewellery
 e - a +6 ring of intelligence (left hand)
Scrolls
 m - a scroll of noise {unknown}
 n - a scroll of identify {unknown}
 q - a scroll of teleportation {unknown}
 r - a scroll of torment {unknown}
 t - 2 scrolls of amnesia {unknown}
 u - a scroll of blinking {unknown}
 w - a scroll of fog {unknown}
Potions
 d - a potion of might
 f - a potion of cancellation {unknown}
 j - 2 potions of curing {unknown}
 k - a potion of degeneration {unknown}
 p - a potion of heal wounds
 v - a potion of brilliance {unknown}


   Skills:
 + Level 4.1 Fighting
 * Level 4.1 Axes
 + Level 3.9 Armour
 + Level 0.1 Stealth
 + Level 4.0 Shields


You had 2 spell levels left.
You didn't know any spells.
Your spell library was empty.

Dungeon Overview and Level Annotations

Branches:
Dungeon (3/15)

Altars:
Wu Jian
Yredelemnul

Shops:
D:1 !


Innate Abilities, Weirdness & Mutations

You have a pair of horns on your head.
You reflexively headbutt those who attack you in melee.


Message History

Your headbutt misses the orc.
The orc is almost dead.
You block the orc's attack.
You slash the orc!
You kill the orc!
The Council accepts your kill.
An orc priest comes into view. It is wielding a +0 club.
The orc priest shouts!
A rat comes into view.
Things that are here:
a +0 dagger; a +0 ring mail
Found a helmet.
There is a stone staircase leading down here.
The orc attacks as you move away! The orc barely misses you.
The orc attacks as you move away! You block the orc's attack.
You lunge at the orc, but your attack speed is too slow for a blow to land.
The orc priest mumbles some strange prayers to Beogh against you.
Beogh smites you!
You hear a shout!
You barely miss the orc. The orc hits you but does no damage.
You slash the orc!
You kill the orc!
The Council accepts your kill.
The orc priest calls down the wrath of Beogh upon you.
Beogh smites you!
You hit the orc priest but do no damage.
You headbutt the orc priest.
The orc priest is moderately wounded.
The orc priest hits you but does no damage.
An orc comes into view. It is wielding a +0 club.
You hit the orc priest.
The orc priest is severely wounded.
The orc priest barely misses you.
The rat twitches its whiskers.
You hit the orc priest.
The orc priest is almost dead.
The orc priest hits you with a +0 club.
The orc priest invokes the aid of Beogh against you.
Pain shoots through your body!
You die...

+..o... .... ....
###......###..###....
...........#........
........r.#.#....#
[..###.)#......#
#.#o.....#....#+#
#.ro#....<.......
###o#.####.......
#@#.. ....... #.####
....... #.# #+#.#.#
#.# .... #.# .!. ...
.. ... ... .....


You could see an orc priest, 2 orcs and a rat.

Vanquished Creatures
  2 adders (D:2)
  A worm (D:2)
  3 dart slugs (D:1)
  2 orcs (D:3)
  7 bats (D:1)
  4 endoplasms
  6 hobgoblins
  2 ball pythons (D:1)
  A frilled lizard (D:2)
  A goblin (D:2)
  3 kobolds
  4 rats
36 creatures vanquished.

Notes
Turn   | Place    | Note
-------+----------+-------------------------------------------
     0 | D:1      | fireball365 the Minotaur Fighter began the quest for the
                  | Orb.
     0 | D:1      | Reached XP level 1. HP: 19/19 MP: 0/0
     0 | D:1      | Upgraded the game from 0.29.1-1-gd02db6906a to
                  | 0.29.1-2-gbd0b4ee654
   184 | D:1      | Reached XP level 2. HP: 27/27 MP: 1/1
   446 | D:1      | Found Oxziteos's Distillery.
   840 | D:2      | Found a faded altar of an unknown god.
   853 | D:2      | Prayed at the altar of an unknown god.
   853 | D:2      | Became a worshipper of the Wu Jian Council
   853 | D:2      | Reached * piety under Wu Jian
   938 | D:1      | Bought a potion of heal wounds for 65 gold pieces
  1047 | D:2      | Reached XP level 3. HP: 33/33 MP: 2/2
  1061 | D:2      | Found a basalt altar of Yredelemnul.
  1793 | D:3      | Killed from afar by an orc priest

Illustrated notes

Levels and vault maps discovered:
D:1:      ebering_hopf_link, layout_basic, serial_shops,
          nicolae_shop_hallway_plus
D:2:      layout_loops_ring, nicolae_ecumenical_pavilion, basic_altar,
          chequers_serial_rivers_micro_c
D:3:      layout_basic, mainiacjoe_overflow_24_doors, uniq_ijyb

Skill      XL: |  1  2  3 |
---------------+----------+-----
Fighting       | 4 |  4.1
Axes           | 3 4 |  4.1
Shields        | 4 |  4.0
Armour         | |  3.9
Stealth        | |  0.1

Action                   || total
-------------------------++-------
Melee: War axe           ||    76
       Headbutt          ||     7
Invok: Whirlwind         ||     6
       Lunge             ||     4
Armor: Scale mail        ||    19
       Chain mail        ||    17
Dodge: Dodged            ||    37
Block: Buckler           ||    15
